Map: Catalyst LE

Players

Spazymazy - Winner!

  • Race: Zerg Zerg
  • Spawn Location: 11:00

SpaceMarine

  • Race: Protoss Protoss
  • Spawn Location: 5:00

Event: WCS Leipzig 2018

VOD

Have the link to the VOD?

Description

Time

  • Played on: Jan. 26, 2018, 6:36 a.m.
  • Length: 3:30

All games in this series

Show
View Real Time Build Order
Export as new Build Order

Spazymazy Zerg - Winner!

Build Orders: Hatch First 

Get SALT Encoding   

  12  0:00  Drone  
  13  0:12  Overlord  
  13  0:16  Drone  
  14  0:30  Drone x2  
  14  0:34  Drone  
  17  0:52  Hatchery  
  17  0:56  Drone  
  17  0:58  Extractor  
  17  1:01  Drone  
  17  1:16  Spawning Pool  
  16  1:18  Drone  
  16  1:21  Drone  
  18  1:27  Drone  
  19  1:37  Overlord  
  19  2:02  Queen  
  19  2:03  Zergling x2  
  19  2:04  Queen  
  19  2:06  Metabolic Boost  
  24  2:12  Zergling x2  
  24  2:14  Overlord  
  25  2:19  Zergling x2  
  25  2:21  Zergling x2  
  27  2:27  Zergling x4  
  29  2:39  Zergling x4  
  31  2:44  Pneumatized Carapace  
  31  2:46  Zergling x2  
  31  2:50  Zergling x2  
  33  2:56  Evolution Chamber  
  32  3:00  Zergling x4  
  34  3:09  Zergling x2  
  34  3:10  Zergling x2  
Show
View Real Time Build Order
Export as new Build Order

SpaceMarine Protoss 

Build Orders: 1 Gate Expand 

Get SALT Encoding   

  12  0:01  Probe  
  13  0:13  Probe  
  14  0:18  Pylon  
  14  0:25  Probe (Chrono Boost)  
  15  0:37  Probe (Chrono Boost), Gateway  
  16  0:45  Probe (Chrono Boost)  
  16  0:46  Assimilator  
  17  0:51  Probe  
  18  1:03  Probe  
  19  1:19  Nexus  
  19  1:29  Cybernetics Core  
  19  1:31  Probe  
  20  1:38  Assimilator  
  20  1:43  Probe  
  21  1:50  Pylon  
  21  1:55  Probe  
  22  2:08  Stalker  
  24  2:09  Probe (Chrono Boost)  
  25  2:19  Probe (Chrono Boost)  
  26  2:24  Probe (Chrono Boost)  
  27  2:32  Probe (Chrono Boost)  
  27  2:34  Stargate  
  29  2:40  Probe (Chrono Boost)  
  29  2:44  Adept, Probe (Chrono Boost)  
  32  2:49  Probe (Chrono Boost)  
  32  2:50  Probe (Chrono Boost)  
  34  2:59  Probe  
  34  3:00  Probe  
  36  3:11  Probe  
  36  3:13  Probe  
  36  3:15  Stargate  
  39  3:20  Assimilator  
Tags
 
Add a new tag
Caveats
  • Supply blocks, unpowered buildings, or Contaminate may cause inaccurate times.
  • Supply counts are checked every 10 seconds.